 Dungeon Crawl Stone Soup version 0.29.0-13-gc9e81de378 (webtiles) character file.

Game seed: 14304607436253825541

37 Ofeo the Conjurer (level 3, -2/26 HPs)
             Began as a Meteoran Conjurer on Sept 9, 2022.
             Slain by an elf zombie (3 damage)
             ... in an ossuary.
             The game lasted 00:03:00 (287 turns).

Ofeo the Conjurer (Meteoran Conjurer)                Turns: 287, Time: 00:03:01

Health: -2/26      AC:  2    Str:  8    XL:     3   Next: 85%
Magic:  7/8        EV: 13    Int: 21    God:
Gold:   0          SH:  0    Dex: 13    Spells: 2/8 levels left

rFire   . . .      SeeInvis .   d - +2 hand axe (flame)
rCold   . . .      Faith    .   (no shield)
rNeg    . . .      Spirit   .   a - +0 robe
rPois   .          Reflect  .   (no helmet)
rElec   .          Harm     .   (no cloak)
rCorr   .          Rampage  .   (no gloves)
Will    .....                   (no boots)
Stlth   +.........              (no amulet)
HPRegen 0.08/turn               (no ring)
MPRegen 0.11/turn               (no ring)

@: glowing
A: sense surroundings 1, otherworldly, glowing, explore regen
a: no special abilities


You were in an ossuary.
You visited 1 branch of the dungeon, and saw 4 of its levels.
You also visited: Ossuary.

Inventory:

Hand Weapons
 d - a +2 hand axe of flaming (weapon)
 e - the +3 sling of Plunder {flame, Fly rCorr}
   (You found it on level 3 of the Dungeon)

   Any ammunition fired from it burns those it strikes, dealing additional fire
   damage.
   Fly:       It grants you flight.
   rCorr:     It protects you from acid and corrosion.
Armour
 a - a +0 robe (worn)
Scrolls
 c - 4 scrolls of identify {unknown}
 g - a scroll of teleportation {unknown}
Potions
 b - a potion of magic


   Skills:
 + Level 3.1 Dodging
 + Level 1.9 Stealth
 + Level 3.2 Spellcasting
 + Level 5.2 Conjurations


You had 2 spell levels left.
You knew the following spells:

 Your Spells              Type           Power      Damage    Failure   Level
a - Magic Dart            Conj           100%       1d8       1%          1
b - Searing Ray           Conj           50%        2d6       2%          2
c - Dazzling Flash        Conj/Hex       28%        N/A       13%         3

Your spell library contained the following spells:

 Spells                   Type           Power      Damage    Failure   Level
 Beastly Appendage        Tmut           6%         N/A       13%         1
 Wereblood                Tmut           3%         N/A       21%         2
 Spider Form              Tmut/Pois      3%         N/A       36%         3
 Fulminant Prism          Conj/Hex       7%         3d7       41%         4
 Iskenderun's Mystic Bla  Conj/Tloc      14%        2d5       41%         4
 Irradiate                Conj/Tmut      7%         3d14      77%         5
 Blade Hands              Tmut           1%         N/A       98%         5
 Dragon Form              Tmut           1%         N/A       100%        7


Dungeon Overview and Level Annotations

Branches:
Dungeon (4/15) Zot: 2123  Ossuary (1/1) Zot: 589
 Temple: D:4-7

Altars:


Innate Abilities, Weirdness & Mutations

You passively map a small area around you.
You are easily found by Zot.
You glow in the dark.
You regain HP and MP as you explore.


Message History

The jackal zombie bites you but does no damage.
You take 1 damage, and have 25/26 hp.
You slash the jackal zombie! You burn the jackal zombie.
You destroy the jackal zombie!
You hit the orc zombie. You burn the orc zombie.
You barely miss the elf zombie. You hit the human zombie.
You burn the human zombie. You hit the gnoll zombie. You burn the gnoll zombie.
You barely miss the elf zombie. You barely miss the gnoll zombie.
You hit the gnoll zombie. You burn the gnoll zombie.
The gnoll zombie hits you but does no damage.
The elf zombie closely misses you. The gnoll zombie completely misses you.
The orc zombie hits you but does no damage.
The human zombie barely misses you. The elf zombie closely misses you. x2
The gnoll zombie misses you.
The gnoll zombie hits you but does no damage. x2
You barely miss the human zombie. You barely miss the gnoll zombie.
You hit the orc zombie. You burn the orc zombie.
You destroy the orc zombie!
You hit the elf zombie. You burn the elf zombie.
You barely miss the human zombie. You hit the gnoll zombie.
You burn the gnoll zombie. You hit the elf zombie. You burn the elf zombie.
You hit the gnoll zombie. You burn the gnoll zombie. The human zombie hits you.
The elf zombie closely misses you. The gnoll zombie hits you. x2
The gnoll zombie misses you. The human zombie hits you!
The elf zombie hits you.
* * * LOW HITPOINT WARNING * * *
You take 22 damage, and have 3/26 hp.
MASSIVE DAMAGE!!
You hit the elf zombie. You burn the elf zombie.
The elf zombie is lightly damaged.
You hit the gnoll zombie. You burn the gnoll zombie.
You barely miss the elf zombie. You hit the human zombie.
You burn the human zombie. You hit the gnoll zombie. You burn the gnoll zombie.
You closely miss the elf zombie. You hit the gnoll zombie.
You burn the gnoll zombie.
You hit the human zombie but do no damage.
The elf zombie hits you.
* * * LOW HITPOINT WARNING * * *
The elf zombie hits you.
You die...

, , *
☼§§§§§§☼§§○☼§§§
☼§§§§§§§§§☼☼§§§
§☼☼§§§§§☼○§§§§§
* ,
§§§☼§§§.§☼§§§§§
, ,
§§§○§.§☼§§§§§§§
,
§§§§.§☼.§§.☼☼§☼
, * ,
§○☼○§☼ZZZ☼§§§○§
○§§.☼ZZ@Z§§.§☼§
* ,
§§§§☼§ZZZ§☼§§§§
,§§§§○§§§☼§.☼§§§
, *
☼§§☼☼.§§§§.§§§☼
§☼§☼§§☼.§§§§○○§
§○§☼☼§☼☼§§§§§○§
*
§§§§§§§○§§§§§§§
§☼§§§§§§§☼§○§§§
, , , , ,


You could see a hobgoblin zombie, 3 gnoll zombies, 3 elf zombies and 2 human
zombies.

Vanquished Creatures
  2 adders
  2 bats (D:1)
  An endoplasm (D:2)
  A giant cockroach (D:1)
  3 goblins
  2 kobolds
  A quokka (D:3)
  A ball python (D:2)
  3 frilled lizards
  A hobgoblin zombie (D:4)
  A jackal zombie (Ossuary)
  An orc zombie (Ossuary)
  A rat (D:1)
  A rat zombie (Ossuary)
21 creatures vanquished.

Notes
Turn   | Place    | Note
-------+----------+-------------------------------------------
     0 | D:1      | Ofeo the Meteoran Conjurer began the quest for the Orb.
     0 | D:1      | Reached XP level 1. HP: 14/14 MP: 5/5
    79 | D:1      | Reached XP level 2. HP: 18/20 MP: 0/6
   132 | D:1      | Reached skill level 5 in Conjurations
   206 | D:2      | Reached XP level 3. HP: 26/26 MP: 1/8
   220 | D:3      | Identified the +3 sling of Plunder {flame, Fly rCorr}
   232 | D:4      | Learned a level 2 spell: Searing Ray
   236 | D:4      | Learned a level 3 spell: Dazzling Flash
   253 | D:4      | Found a sand-covered staircase.
   278 | Ossuary  | Entered an ossuary
   287 | Ossuary  | HP: 1/26 [elf zombie (3)]
   287 | Ossuary  | Slain by an elf zombie

Illustrated notes

Levels and vault maps discovered:
D:1:      psy_arrival_radial02, layout_basic
D:2:      layout_basic, dilly_ecumenical_altar_fadedgnrine, serial_shops,
          nicolae_shop_hallway_stairs
D:3:      layout_loops_corners
D:4:      layout_basic, enter_ossuary_3
Ossuary:  ossuary_minmay_tomb_2a

Skill      XL: |  1  2 |
---------------+-------+-----
Conjurations   | 5 |  5.2
Spellcasting   | 3 |  3.2
Dodging        | 3 |  3.1
Stealth        | |  1.9

Action                   || total
-------------------------++-------
Melee: Unarmed           ||     5
       Hand axe          ||     5
 Cast: Magic Dart        ||    40
  Use: Scroll            ||     1
Armor: Robe              ||    20
Dodge: Dodged            ||    48
